 Dungeon Sprint DCSS version 0.26-a0-665-gefeb406119 (webtiles) character file.

Game seed: 16553393961430896289

50 rocky1 the Shield-Bearer (level 3, -1/29 HPs)
             Began as a Demonspawn Fighter on Oct 15, 2020.
             Slain by a wolf (7 damage)
             ... in the Dungeon (Sprint III: "The Ten Rune Challenge").
             The game lasted 00:00:39 (153 turns).

rocky1 the Shield-Bearer (Demonspawn Fighter)        Turns: 153, Time: 00:00:40

Health: -1/29      AC:  6    Str: 17    XL:     3   Next: 55%
Magic:  0/3        EV:  7    Int:  9    God:
Gold:   11         SH: 10    Dex: 14    Spells: 2/2 levels left

rFire    . . .     SeeInvis .   a - +0 long sword
rCold    . . .     Faith    .   c - +0 kite shield
rNeg     . . .     Spirit   +   b - +0 scale mail
rPois    .         Reflect  .   (no helmet)
rElec    .         Harm     .   (no cloak)
rCorr    .         Rampage  .   (no gloves)
MR       .....     NoTele   +   (no boots)
Stlth    +.........             (no amulet)
HPRegen  0.09/turn              (no ring)
MPRegen  0.08/turn              (no ring)

@: hasted, very quick
A: thin skeletal structure 1, magic shield
a: no special abilities


You were in the Dungeon.
You visited 1 branch You collected 11 gold pieces.

Inventory:

Hand Weapons
 a - a +0 long sword (weapon)
Armour
 b - a +0 scale mail (worn)
 c - a +0 kite shield (worn)
Scrolls
 j - a scroll of blinking
Potions
 d - a potion of might
 e - a potion of curing
 f - a potion of heal wounds
 h - 2 potions of magic
 i - a potion of berserk rage


   Skills:
 - Level 3.5 Fighting
 + Level 4.4 Long Blades
 - Level 3.2 Armour
 + Level 5.0 Shields


You had 2 spell levels left.
You didn't know any spells.
Your spell library was empty.

Dungeon Overview and Level Annotations

Branches:
Dungeon (1/1)

Altars:


Innate Abilities, Weirdness & Mutations

You have a somewhat thin skeletal structure. (Dex +2, Stealth)
When hurt, damage is shared between your health and your magic reserves.


Message History

You slash the human!
The human is almost dead.
The human hits you but does no damage.
You slash the human!
You kill the human!
Your Long Blades skill increases to level 4!
Your Shields skill increases to level 5!
You see here a human corpse.
You see here a human corpse.
A wolf comes into view.
The wolf howls!
You closely miss the wolf. The wolf closely misses you.
Your shield prevents you from hitting the wolf.
The wolf bites you. The wolf bites you!
* * * LOW HITPOINT WARNING * * *
You hit the wolf but do no damage. You block the wolf's attack.
You hit the wolf.
The wolf is lightly wounded.
You block the wolf's attack. The wolf bites you!
You die...

▓▓▓▓ ▓▓▓▓▓▓▓
▓<.# +...♣.♣
▓..# #.....♣♣
▓#'####......♣
▓.....#....≈♣
▓.....#h..≈≈♣♣
▓.....#@.≈≈≈≈♣♣.
▓####)#..≈≈≈≈≈≈.
▓....†#.≈≈≈≈≈≈..
▓.....#.≈≈≈≈≈...
▓.....#.≈≈≈.....
▓'#####.........
▓......†........
▓▓▓▓▓▓▓▓▓▓▓▓▓▓▓▓


You could see a wolf.

Vanquished Creatures
  Jessica (D)
  A human (D)
  An ooze (D)
  2 rats (D)
5 creatures vanquished.

Notes
Turn   | Place    | Note
-------+----------+-------------------------------------------
     0 | D        | rocky1 the Demonspawn Fighter began the quest for the Orb.
     0 | D        | Reached XP level 1. HP: 18/18 MP: 1/1
    10 | D        | Reached skill level 3 in Shields
    19 | D        | Noticed Jessica
    28 | D        | Killed Jessica
    28 | D        | Reached skill level 4 in Shields
    28 | D        | Gained mutation: When hurt, damage is shared between your
                  | health and your magic reserves. [demonic ancestry]
    28 | D        | Reached XP level 2. HP: 18/24 MP: 2/2
    28 | D        | Gained mutation: You have a somewhat thin skeletal
                  | structure. (Dex +2, Stealth) [demonic ancestry]
    28 | D        | Reached XP level 3. HP: 22/29 MP: 3/3
   140 | D        | Reached skill level 5 in Shields
   153 | D        | Slain by a wolf

Illustrated notes

Levels and vault maps discovered:
D:        dungeon_sprint_mu [sprint_mu_entry_forest, sprint_mu_temple_rooms,
          sprint_mu_d1_spiders, sprint_mu_d2_genie, sprint_mu_d3_branching,
          sprint_mu_orc_legion, sprint_mu_elf_gauntlet, sprint_mu_hive_nellie,
          sprint_mu_lair_fedhas, sprint_mu_vaults_butterflies,
          sprint_mu_slime_circle, sprint_mu_shoals_archi,
          sprint_mu_snake_twists, sprint_mu_blade_basic,
          sprint_mu_crypt_chambers, sprint_mu_tomb_spiral,
          sprint_mu_vestibule_basic, sprint_mu_gehenna_hellfire,
          sprint_mu_dis_giant, sprint_mu_tartarus_statrot,
          sprint_mu_cocytus_islands, sprint_mu_zot1]

Skill      XL: |  1  2  3 |
---------------+----------+-----
Long Blades    | 3 4 |  4.4
Armour         | 3 |  3.2
Shields        | 4 5 |  5.0
Fighting       | |  3.5

Action                   || total
-------------------------++-------
Melee: Long sword        ||    33
  Use: Potion            ||     1
Armor: Scale mail        ||     7
Dodge: Dodged            ||     7
Block: Kite shield       ||    13

Table legend: (Time is in decaauts)
 A = Elapsed time spent in this place.
 B = Non-inter-level travel time spent in this place.
 C = Inter-level travel time spent in this place.
 D = Time resting spent in this place.
 E = Time spent auto-exploring this place.
 F = Levels seen in this place.
 G = Mean time per level.
                   A        B        C        D        E       F      G
               +--------+--------+--------+--------+--------+-----+--------+
         Total |    152 |    152 |      0 |     70 |      0 |   1 |  152.0 |
       Dungeon |    152 |    152 |      0 |     70 |      0 |   1 |  152.0 |
               +--------+--------+--------+--------+--------+-----+--------+

Top non-repeatable levels by time:
       D: 152 daAuts
